 Dungeon Crawl Stone Soup version 0.27.1-3-gb3d3a73c9e (webtiles) character file.

Game seed: 7799930977239277064

434 curiousnu the Chopper (level 6, -1/70 HPs)
             Began as a Demonspawn Gladiator on Oct 19, 2021.
             Was an Initiate of Nemelex Xobeh.
             Slain by Pikel (3 damage)
             ... on level 4 of the Dungeon.
             The game lasted 00:12:33 (4331 turns).

curiousnu the Chopper (Demonspawn Gladiator)        Turns: 4331, Time: 00:12:33

Health: -1/70      AC: 23    Str: 22    XL:     6   Next: 67%
Magic:  0/6        EV:  2    Int:  9    God:    Nemelex Xobeh [......]
Gold:   107        SH:  0    Dex: 15    Spells: 5/5 levels left

rFire    + . .     SeeInvis .   a - +1 war axe
rCold    . . .     Faith    .   (no shield)
rNeg     + + +     Spirit   +   (armour currently unavailable)
rPois    +         Reflect  .   (helmet currently unavailable)
rElec    .         Harm     .   (cloak currently unavailable)
rCorr    .         Rampage  .   (gloves currently unavailable)
Will     .....     NoTele   +   (boots currently unavailable)
Stlth    +.........             g - amulet of guardian spirit
HPRegen  0.21/turn              m - ring of protection from fire
MPRegen  0.10/turn              q - +6 ring of strength

@: mighty, tree-form, invisible
A: stationary, stasis, torment immunity, boosted hp, (slimy green scales 1),
powered by death 1
a: Renounce Religion, Draw Escape, Draw Destruction, Draw Summoning


You were on level 4 of the Dungeon.
You worshipped Nemelex Xobeh.
Nemelex Xobeh was noncommittal.
You were a tree.
You visited 1 branch of the dungeon, and saw 5 of its levels.

You collected 107 gold pieces.

Inventory:

Hand Weapons
 a - a +1 war axe (weapon)
 k - a +0 spear of flaming
Missiles
 d - 3 throwing nets
 r - 4 silver boomerangs
 u - 23 poisoned darts (quivered)
Armour
 b - a +0 leather armour
 c - a +0 helmet (melded)
 p - a +0 ring mail
 s - a +0 scale mail (melded)
Jewellery
 g - an amulet of guardian spirit (around neck)
 m - a ring of protection from fire (left branch)
 q - a +6 ring of strength (right branch)
Potions
 e - 2 potions of brilliance
 i - a potion of berserk rage {unknown}
 j - a potion of flight {unknown}
 l - a potion of might
 o - 3 potions of lignification


   Skills:
 + Level 3.0 Fighting
 * Level 5.7 Axes
 + Level 1.9 Throwing
 * Level 2.8 Armour
 - Level 2.7 Dodging


You had 5 spell levels left.
You didn't know any spells.
Your spell library contained the following spells:

 Spells                   Type           Power      Damage    Failure   Level
 Dazzling Flash           Conj/Hex       0%         N/A       77%         3
 Iskenderun's Mystic Bla  Conj/Tloc      0%         2d3       99%         4
 Fireball                 Conj/Fire      0%         3d3       100%        5
 Iskenderun's Battlesphe  Conj           0%         2d6       100%        5
 Conjure Ball Lightning   Conj/Air       0%         3x3d6     100%        6
 Starburst                Conj/Fire      0%         6d3       100%        6
 Orb of Destruction       Conj           0%         N/A       100%        7


Dungeon Overview and Level Annotations

Branches:
Dungeon (5/15)
 Temple: D:4-7

Altars:
Fedhas
Gozag
Nemelex Xobeh
Ru

Shops:
D:4 ((?=

Annotations:
D:4 Pikel


Innate Abilities, Weirdness & Mutations

You are a tree.
Your roots penetrate the ground, keeping you stationary.
You cannot be teleported.
You are immune to unholy pain and torment.
Your maximum health is greatly increased.
Your equipment is partially melded.
((You are partially covered in slimy green scales. (AC +2)))
You regenerate a little health from kills.


Message History

The gnoll hits you with a +0 whip. Pikel completely misses you.
The gnoll shaman closely misses you.
You hit Pikel but do no damage.
Pikel is lightly wounded.
You slash the gnoll shaman! You barely miss the gnoll.
The gnoll barely misses you. Pikel closely misses you.
The gnoll hits you with a +0 whip.
The gnoll shaman hits you with a +0 whip.
* * * LOW HITPOINT WARNING * * *
You aren't carrying any scrolls.
You feel better. The gnoll hits you but does no damage.
Pikel hits you but does no damage.
You are electrocuted!
The gnoll shaman calls upon its god to heal the gnoll.
The gnoll is healed somewhat.
The gnoll misses you.
It was a potion of lignification.
You turn into a tree.
Your +0 helmet melds into your body.
Your +0 scale mail melds into your body.
Your roots penetrate the ground.
Pikel hits you but does no damage.
You are electrocuted!
* * * LOW HITPOINT WARNING * * *
The gnoll shaman hits you but does no damage.
The gnoll hits you but does no damage.
You closely miss the gnoll shaman.
The gnoll shaman is almost dead.
You closely miss Pikel. You barely miss the gnoll. The gnoll barely misses you.
Pikel hits you but does no damage.
The gnoll shaman hits you but does no damage.
The gnoll hits you but does no damage. Pikel hits you but does no damage.
You are electrocuted!
* * * LOW HITPOINT WARNING * * *
You slash the gnoll shaman!
You kill the gnoll shaman!
You closely miss Pikel. You barely miss the gnoll.
The gnoll hits you but does no damage. x2; Pikel completely misses you.
It was a potion of invisibility.
You fade into invisibility!
The gnoll hits you but does no damage.
Pikel hits you with a +0 whip of electrocution.
You die...
Your body disappears without a glow.

..##'#).#...#...#
..#..'..†...#...#
..#..####'###...##
######........#..# #
..............#..#g#
............#....#5#
<†..........###.55.#
.#######....# ##K###
........)...# #♣#
..######....##..)g......
#.# #.##.##...####### .#
#.#.......: #.# #.#
###..## ..> #.# #.. #..
.## .#


You could see Pikel, 3 lemures and 2 gnolls.

Vanquished Creatures
  An ogre (D:4)
  A lemure (D:4)
  A phantom (D:4)
  A gnoll shaman (D:4)
  A jelly (D:5)
  An iguana (D:4)
  An orc wizard (D:3)
  2 adders (D:2)
  A gnoll (D:4)
  An adder skeleton (D:4)
  2 worms
  3 dart slugs
  13 orcs
  8 ball pythons
  5 bats
  6 endoplasms
  4 giant cockroaches
  8 goblins
  10 hobgoblins
  6 jackals
  10 kobolds
  7 quokkas
  A frilled lizard (D:1)
  8 rats
102 creatures vanquished.

Vanquished Creatures (others)
  5 plants (D:4)
5 creatures vanquished.

Grand Total: 107 creatures vanquished

Notes
Turn   | Place    | Note
-------+----------+-------------------------------------------
     0 | D:1      | curiousnu the Demonspawn Gladiator began the quest for the
                  | Orb.
     0 | D:1      | Reached XP level 1. HP: 16/16 MP: 1/1
   154 | D:1      | Reached skill level 3 in Axes
   157 | D:1      | Gained mutation: You are partially covered in slimy green
                  | scales. (AC +2) [demonic ancestry]
   157 | D:1      | Reached XP level 2. HP: 20/22 MP: 2/2
   164 | D:2      | Found a sacrificial altar of Ru.
   396 | D:1      | Found a faded altar of an unknown god.
   726 | D:1      | Reached XP level 3. HP: 26/27 MP: 3/3
   876 | D:2      | Reached skill level 1 in Armour
  1361 | D:2      | Gained mutation: You regenerate a little health from kills.
                  | [demonic ancestry]
  1361 | D:2      | Reached XP level 4. HP: 20/33 MP: 4/4
  1873 | D:3      | Reached skill level 4 in Axes
  1913 | D:3      | Found a sacrificial altar of Ru.
  2503 | D:4      | Found an opulent altar of Gozag.
  2532 | D:4      | Found Boibig's Antique Weapon Shop.
  2536 | D:4      | Reached XP level 5. HP: 36/39 MP: 5/5
  2574 | D:4      | Noticed a phantom
  2576 | D:4      | Found a sparkling altar of Nemelex Xobeh.
  2596 | D:4      | Killed a phantom
  2597 | D:4      | Reached skill level 5 in Axes
  2857 | D:4      | Became a worshipper of Nemelex Xobeh the Trickster
  2878 | D:5      | Entered Level 5 of the Dungeon
  3009 | D:4      | Found a blossoming altar of Fedhas.
  3040 | D:4      | Reached XP level 6. HP: 25/46 MP: 2/6
  3191 | D:4      | Found Qunea's Magic Scroll Boutique.
  3610 | D:4      | Found Roeketax's Antique Weapon Emporium.
  3981 | D:4      | Found Polly's Jewellery Emporium.
  4310 | D:4      | Noticed Pikel
  4329 | D:4      | HP: 1/70 [Pikel (12)]
  4331 | D:4      | Slain by Pikel

Illustrated notes

Levels and vault maps discovered:
D:1:      matt_arrival_spirals, layout_basic,
          shapermc_ecumenical_altar_mp_ritualfount, st_stairs_7
D:2:      minmay_evil_eye, layout_basic, basic_altar
D:3:      layout_rooms, nicolae_ru_awakened_eye, minmay_diced_spiral
D:4:      corexii_shantytown, layout_basic, nemelex_xobeh_ov_fountains_minmay,
          fedhas_altar_1, grunt_gozag_breadcrumbs, serial_shops,
          nicolae_shop_competitors_out_of_business, nicolae_shop_trees,
          nicolae_shop_waterfront, shop, minmay_vboxes, uniq_pikel
D:5:      layout_loops_ring, vehumet_altar_wand_db, mainiacjoe_overflow_chevrons

Skill      XL: |  1  2  3  4  5  6 |
---------------+-------------------+-----
Axes           | 3 4 5 |  5.7
Armour         | 1 2 |  2.8
Fighting       | 3 |  3.0
Throwing       | |  1.9
Dodging        | |  2.7

Action                   |  1- 3 |  4- 6 || total
-------------------------+-------+-------++-------
Melee: War axe           |   121 |   196 ||   317
Throw: Dart              |       |     7 ||     7
  Use: Scroll            |       |    10 ||    10
       Potion            |       |     5 ||     5
Armor: Leather armour    |    53 |       ||    53
       Ring mail         |     9 |    53 ||    62
       Scale mail        |       |    34 ||    34
       Skin              |       |    10 ||    10
Dodge: Dodged            |    92 |   108 ||   200
